 Dungeon Crawl Stone Soup version 0.29-a0-298-g3c90f9a769 (webtiles) character file.

Game seed: 9229919520764177569

27400 jmlagarto the Cleaver (level 13, -1/119 HPs)
             Began as a Minotaur Berserker on Mar 22, 2022.
             Was an Elder of Trog.
             Engulfed by a cloud of flame (19 damage)
             ... on level 4 of the Lair of Beasts on Mar 23, 2022.
             The game lasted 00:27:08 (18457 turns).

jmlagarto the Cleaver (Minotaur Berserker)         Turns: 18457, Time: 00:27:09

Health: -1/119     AC: 18    Str: 33    XL:     13   Next: 4%
Magic:  8/12       EV: 11    Int:  4    God:    Trog [****..]
Gold:   679        SH:  5    Dex: 10    Spells: 12/12 levels left

rFire   . . .      SeeInvis .   b - +2 war axe (flame)
rCold   . . .      Faith    .   O - +0 buckler
rNeg    . . .      Spirit   .   L - +0 plate armour
rPois   .          Reflect  .   (helmet restricted)
rElec   .          Harm     .   t - scarf {repulsion}
rCorr   +          Rampage  .   K - +0 pair of gloves {infuse}
Will    .....                   E - +0 pair of boots
Stlth   ..........              (no amulet)
HPRegen 0.29/turn               l - ring of resist corrosion
MPRegen 0.13/turn               p - +6 ring of strength

@: repel missiles
A: horns 2, retaliatory headbutt
a: Renounce Religion, Berserk, Trog's Hand, Brothers in Arms


You were on level 4 of the Lair of Beasts.
You worshipped Trog.
Trog was greatly pleased with you.
You visited 2 branches of the dungeon, and saw 13 of its levels.
You also visited: Bailey.

You collected 739 gold pieces.
You spent 60 gold pieces at shops.

Inventory:

Hand Weapons
 b - a +2 war axe of flaming (weapon)
 C - a +3 morningstar of freezing
 F - a +4 battleaxe of flaming
 P - the +6 whip "Jumi" {drain, Fly rElec rPois Stlth+}
   (You found it on level 7 of the Dungeon)

   A truly terrible weapon, it drains the life of any living foe it strikes.
   rElec:     It insulates you from electricity.
   rPois:     It protects you from poison.
   Fly:       It grants you flight.
   Stlth:     It makes you more stealthy.
Missiles
 h - 4 throwing nets (quivered)
 y - 4 curare-tipped darts
 G - 10 poisoned darts
Armour
 k - a +0 cloak
 t - a scarf of repulsion (worn)
 E - a +0 pair of boots (worn)
 K - a +0 pair of gloves of infusion (worn)
 L - a +0 plate armour (worn)
 O - a +0 buckler (worn)
 R - +1 swamp dragon scales
Jewellery
 l - a ring of resist corrosion (left hand)
 p - a +6 ring of strength (right hand)
Wands
 c - a wand of polymorph (7)
 e - a wand of flame (26)
 H - a wand of acid (15)
 M - a wand of mindburst (18)
 Q - a wand of iceblast (13)
Scrolls
 a - a scroll of brand weapon {unknown}
 g - 5 scrolls of teleportation
 m - a scroll of silence {unknown}
 s - a scroll of torment {unknown}
 u - a scroll of magic mapping {unknown}
 v - 2 scrolls of fog
 z - 2 scrolls of vulnerability
 A - 2 scrolls of blinking
 N - a scroll of amnesia {unknown}
Potions
 d - 3 potions of lignification
 f - a potion of brilliance {unknown}
 i - a potion of magic {unknown}
 j - 4 potions of might
 n - a potion of flight {unknown}
 o - 2 potions of berserk rage {unknown}
 q - a potion of heal wounds
 r - 5 potions of curing {unknown}
 w - a potion of haste {unknown}
 x - 2 potions of mutation {unknown}
 B - a potion of invisibility {unknown}
 D - 3 potions of ambrosia
 I - a potion of resistance {unknown}
 J - a potion of experience
 S - a potion of degeneration {unknown}
 T - 2 potions of attraction {unknown}


   Skills:
 + Level 12.6 Fighting
 + Level 12.6 Axes
 + Level 12.3 Armour
 + Level 11.3 Dodging
 + Level 8.2 Shields
 + Level 6.1 Evocations


You had 12 spell levels left.
You didn't know any spells.
Your spell library was empty.

Dungeon Overview and Level Annotations

Branches:
Dungeon (9/15)             Temple (0/1) D:6            Lair (4/6) D:8
 Shoals (0/4) Lair:2       Bailey (visited)
  Snake: Lair:2-4    Spider: Lair:2-4       Orc: D:9-12

Altars:
Elyvilon
Gozag
Okawaru
Qazlal
Sif Muna
Trog
Vehumet
Xom

Shops:
D:3 *   D:6 **   D:7 *


Innate Abilities, Weirdness & Mutations

You have a pair of horns on your head.
You reflexively headbutt those who attack you in melee.


Message History

You closely miss the fire crab.
The fire crab is moderately wounded.
You are engulfed in blazing flames.
You barely miss the fire crab. Your headbutt misses the fire crab.
The fire crab is moderately wounded.
You block the fire crab's attack.
The fire crab claws you but does no damage.
You slice the fire crab!! You headbutt the fire crab.
The fire crab is almost dead.
The fire crab breathes flames at you.
The blast of flame is repelled.
You hit the fire crab but do no damage.
The fire crab is almost dead.
You are engulfed in blazing flames.
The fire crab closely misses you. You furiously retaliate!
You headbutt the fire crab.
The fire crab claws you but does no damage.
You barely miss the fire crab.
The fire crab is almost dead.
You are engulfed in blazing flames.
* * * LOW HITPOINT WARNING * * *
The fire crab breathes flames at you. The blast of flame engulfs you!
* * * LOW HITPOINT WARNING * * *
You feel much better.
You are engulfed in blazing flames.
* * * LOW HITPOINT WARNING * * *
The fire crab breathes flames at you. The blast of flame engulfs you.
* * * LOW HITPOINT WARNING * * *
You hit the fire crab but do no damage. You headbutt the fire crab.
The fire crab is almost dead.
The fire crab breathes flames at you.
The blast of flame engulfs you but does no damage.
You slice the fire crab!!
You kill the fire crab!
Trog accepts your kill.
You are engulfed in blazing flames.
* * * LOW HITPOINT WARNING * * *
A redback comes into view.
You are engulfed in blazing flames.
You die...

##.........## ##.###.+#
#.......)...###........
#............##........
#..........#..+........
##...........#.........
#..........+.##°+#.####
##.........#.#°°°.#
##..####P###°°○°#..#
#...##.### ##°@°# ## #.
###.....#####.°.^# #.
###P..##.##..##....^^#
##.
#...........######.^^^^#
.# #..
.#.......(..##.####.^.^.
#.# #..
#.............###.##=..^
#.###..
#..........#.......#..^.
#......
##..........#.###..# #.s
#..... #..........####
#### #..P..


You could see a redback (asleep).

Vanquished Creatures
  The ghost of Ecoseuz the Stormcaller, a journeyman DrAE of Ignis (Lair:3)
  A boulder beetle (Lair:2)
  3 hydras
  Erica (Lair:1)
  A death yak (D:7)
  The ghost of NigelTetley the Ruffian, a novice DrTm of the Shining One (D:8)
  A fire crab (Lair:4)
  The ghost of PaleRider the Ruffian, a novice TrTm (D:6)
  An orc knight (Bailey)
  6 black mambas
  Maggie (D:8)
  9 cane toads
  Psyche (D:8)
  2 rime drakes
  2 komodo dragons
  A polar bear (Lair:3)
  3 hornets
  Grinder (D:6)
  A merfolk (Lair:2)
  9 blink frogs (Lair:1)
  Prince Ribbit (D:5)
  Sigmund (D:6)
  5 basilisks
  4 wyverns
  Grum (D:8)
  32 yaks
  8 water moccasins
  12 orc warriors
  A hornet zombie (D:6)
  A sky beast (D:6)
  An ice beast (D:6)
  A black bear (D:7)
  2 ogres
  5 wolves
  2 centaurs (D:8)
  4 phantoms
  7 bullfrogs
  A necrophage (D:7)
  2 scorpions
  6 wights
  A water moccasin skeleton (D:6)
  6 killer bees (D:8)
  2 electric eels (Lair:2)
  A howler monkey (D:7)
  5 bullfrog zombies (D:6)
  3 centaur zombies (D:6)
  2 hounds (D:5)
  3 orc priests
  A jelly (D:3)
  2 centaur skeletons (D:6)
  2 gnoll shamans (D:6)
  Crazy Yiuf (D:2)
  Jessica (D:2)
  2 bullfrog skeletons (D:6)
  3 iguanas
  3 orc wizards
  6 hell rats (Lair:1)
  Robin (D:2)
  14 gnolls
  6 adders
  3 river rats (Lair:1)
  A shadow imp (D:5)
  3 white imps
  An ufetubus (D:6)
  A worm (D:2)
  2 dart slugs (D:1)
  28 orcs
  7 ball pythons
  5 endoplasms
  3 giant cockroaches (D:2)
  24 goblins
  6 hobgoblins (D:2)
  2 jackals (D:1)
  4 bats
  5 frilled lizards
  4 kobolds
  10 rats
318 creatures vanquished.

Vanquished Creatures (others)
  4 fungi
  2 plants
  4 withered plants (D:6)
10 creatures vanquished.

Grand Total: 328 creatures vanquished

Notes
Turn   | Place    | Note
-------+----------+-------------------------------------------
     0 | D:1      | jmlagarto the Minotaur Berserker began the quest for the
                  | Orb.
     0 | D:1      | Reached XP level 1. HP: 19/19 MP: 0/0
   218 | D:1      | Reached XP level 2. HP: 16/27 MP: 1/1
   585 | D:1      | Reached ** piety under Trog
  1216 | D:2      | Reached XP level 3. HP: 31/33 MP: 2/2
  1232 | D:2      | Noticed Jessica
  1233 | D:2      | Noticed Robin
  1263 | D:2      | Killed Robin
  1276 | D:2      | Killed Jessica
  1277 | D:2      | Reached XP level 4. HP: 34/41 MP: 3/3
  1780 | D:2      | Reached XP level 5. HP: 37/47 MP: 4/4
  1872 | D:2      | Found a runed translucent door.
  1873 | D:2      | Noticed Crazy Yiuf
  2514 | D:2      | Killed Crazy Yiuf
  2520 | D:2      | HP: 2/47 [poisoned by Crazy Yiuf]
  2877 | D:3      | Reached skill level 5 in Fighting
  2883 | D:3      | Reached skill level 5 in Axes
  2940 | D:3      | Found Vomoedgha's Assorted Antiques.
  3348 | D:3      | Reached XP level 6. HP: 56/56 MP: 5/5
  4028 | D:4      | Found a white marble altar of Elyvilon.
  4175 | D:4      | Found an iron altar of Okawaru.
  4505 | D:5      | Entered Level 5 of the Dungeon
  4632 | D:5      | Noticed Prince Ribbit
  4638 | D:5      | Reached skill level 5 in Armour
  4638 | D:5      | Reached XP level 7. HP: 24/62 MP: 6/6
  4639 | D:5      | Killed Prince Ribbit
  4647 | D:5      | HP: 3/63 [poisoned by a scorpion]
  5182 | D:5      | Reached skill level 5 in Dodging
  5486 | D:5      | Reached *** piety under Trog
  5852 | D:5      | Reached XP level 8. HP: 70/71 MP: 7/7
  6553 | D:6      | Found a staircase to the Ecumenical Temple.
  6713 | D:6      | Found a large runed translucent door.
  6714 | D:6      | Found a large runed translucent door.
  6716 | D:6      | Noticed PaleRider's ghost (novice TrTm)
  6732 | D:6      | Noticed Grinder
  6741 | D:6      | Killed Grinder
  6863 | D:6      | Found an opulent altar of Gozag.
  6884 | D:6      | Noticed Sigmund
  6894 | D:6      | Killed Sigmund
  6923 | D:6      | Found Moeng's Specific Store.
  6927 | D:6      | Found Anwenap's General Store.
  7136 | D:6      | Found a radiant altar of Vehumet.
  7138 | D:6      | Found a shimmering blue altar of Sif Muna.
  7154 | D:6      | Reached XP level 9. HP: 59/81 MP: 8/8
  7884 | D:6      | Killed PaleRider's ghost
  8154 | D:6      | Bought a potion of heal wounds for 60 gold pieces
  8185 | D:7      | Found Isaytz's General Store.
  8253 | D:7      | Found a flagged portal.
  8278 | Bailey   | Entered a bailey
  8898 | Bailey   | Reached XP level 10. HP: 55/91 MP: 9/9
  9487 | Bailey   | Noticed an orc knight
  9497 | Bailey   | Killed an orc knight
 10046 | D:7      | Found a stormy altar of Qazlal.
 10193 | D:7      | Identified the +6 whip "Jumi" {drain, Fly rElec rPois
                  | Stlth+}
 10599 | D:8      | Noticed a death yak
 10600 | D:8      | Found a staircase to the Lair.
 10666 | D:7      | Killed a death yak
 10667 | D:7      | Reached skill level 1 in Shields
 10667 | D:7      | Reached skill level 1 in Evocations
 10783 | D:7      | Reached skill level 10 in Fighting
 10810 | D:8      | Reached skill level 10 in Axes
 11152 | D:8      | Noticed Maggie
 11165 | D:8      | Killed Maggie
 11325 | D:8      | Found a bloodstained altar of Trog.
 11355 | D:8      | Noticed Psyche
 11365 | D:8      | Killed Psyche
 11475 | D:8      | Found a shimmering altar of Xom.
 11496 | D:8      | Found a transporter.
 11498 | D:8      | Found a transporter.
 11500 | D:8      | Noticed NigelTetley's ghost (novice DrTm)
 11531 | D:8      | Noticed Grum
 11620 | D:9      | Reached skill level 10 in Armour
 11980 | D:8      | Killed Grum
 12267 | D:8      | Paralysed by a hornet for 3 turns
 12276 | D:8      | Reached XP level 11. HP: 25/101 MP: 6/10
 12589 | D:8      | Killed NigelTetley's ghost
 12638 | Lair:1   | Entered Level 1 of the Lair of Beasts
 13107 | Lair:1   | Noticed a four-headed hydra
 13118 | Lair:1   | Killed a four-headed hydra
 13119 | Lair:1   | Reached skill level 5 in Shields
 13391 | Lair:1   | Reached skill level 10 in Dodging
 13610 | Lair:1   | Reached **** piety under Trog
 14356 | Lair:1   | Reached XP level 12. HP: 84/110 MP: 0/11
 14490 | Lair:1   | Noticed Erica
 14499 | Lair:1   | Killed Erica
 15120 | Lair:2   | Noticed an eight-headed hydra
 15130 | Lair:2   | Killed an eight-headed hydra
 15131 | Lair:2   | Reached skill level 5 in Evocations
 15333 | Lair:2   | Noticed a boulder beetle
 15346 | Lair:2   | Killed a boulder beetle
 15496 | Lair:2   | Found a staircase to the Shoals.
 16507 | Lair:3   | Noticed a five-headed hydra
 16518 | Lair:3   | Killed a five-headed hydra
 17459 | Lair:3   | Found a large runed translucent door.
 17460 | Lair:3   | Found a large runed translucent door.
 17462 | Lair:3   | Noticed Ecoseuz's ghost (journeyman DrAE)
 17906 | Lair:3   | Killed Ecoseuz's ghost
 18037 | Lair:4   | Reached XP level 13. HP: 72/119 MP: 6/12
 18457 | Lair:4   | Engulfed by a cloud of flame

Illustrated notes

Levels and vault maps discovered:
D:1:      minmay_arrival_wavy_path, layout_basic
D:2:      layout_basic, uniq_jessica, uniq_robin, uniq_crazy_yiuf_cottage
D:3:      layout_basic, serial_shops, shop, kennysheep_generic_room_14
D:4:      layout_loops_ring, mainiacjoe_overflow_tiny_flanked,
          mainiacjoe_overflow_alcove_2
D:5:      layout_basic, grunt_ministairs_15, uniq_prince_ribbit1
D:6:      layout_layer_cave, mainiacjoe_overflow_brackets,
          chequers_temple_overflow_statue_of_worship, temple_pool_b,
          ebering_ghost_disaster_area, serial_undead, serial_undead_a,
          serial_undead_f, serial_undead_b, serial_undead_c, serial_undead_b,
          serial_undead_a, serial_undead_c, nicolae_specific_store,
          minmay_stone_trees_small, abandoned_shop, uniq_grinder, uniq_sigmund
D:7:      layout_cave_pools, nicolae_qazlal_style_of_elements, enter_bailey_5,
          serial_shops, nicolae_shop_hallway_stairs, roderic_lattice_a
D:8:      layout_cave_pools, old_standard_altar, mainiacjoe_overflow_catwalk,
          david_lair_generic, gammafunk_ghost_hive, serial_park,
          serial_park_gazebo [serial_park_minivault_5x5_7],
          serial_park_tiny_pond, serial_park_square3
          [serial_park_minivault_5x5_2], uniq_psyche, uniq_maggie, uniq_grum
D:9:      layout_cave_pods, mainiacjoe_overflow_catch_the_wave, fedhas_altar_3,
          dk_noncrumbling_2
Lair:1:   layout_cave_pods, kennysheep_abandoned_house, uniq_erica
Lair:2:   layout_roguey, elwin_shoals_entry_rooms, infiniplex_staircase_pool_2
Lair:3:   layout_regular_city, ebering_ghost_disaster_area
Lair:4:   layout_roguey, spider_nest_entry_funnel_web, minmay_hedge_maze,
          hangedman_tree_tricks

Skill      XL: |  1  2  3  4  5  6  7  8  9 10 11 12 |
---------------+-------------------------------------+-----
Fighting       | 4 5 6 8 9 10 11 12 | 12.6
Armour         | 3 4 5 6 7 9 10 11 12 | 12.3
Axes           | 4 5 6 7 9 10 11 12 | 12.6
Dodging        | 3 4 5 6 8 9 10 11 | 11.3
Shields        | 3 6 8 |  8.2
Evocations     | 2 4 6 |  6.1

Action                   |  1- 3 |  4- 6 |  7- 9 | 10-12 | 13-15 || total
-------------------------+-------+-------+-------+-------+-------++-------
Melee: Hand axe          |    67 |   149 |   224 |    17 |       ||   457
       Headbutt          |     8 |    21 |    46 |    74 |     2 ||   151
       Punch             |       |     1 |     2 |       |       ||     3
       Morningstar       |       |       |       |   354 |       ||   354
       Battleaxe         |       |       |       |     5 |       ||     5
       War axe           |       |       |       |    65 |    10 ||    75
Invok: Berserk           |     1 |     5 |     8 |    14 |       ||    28
       Trog's Hand       |       |       |     2 |     7 |       ||     9
Evoke: Wand              |       |       |       |     6 |       ||     6
  Use: Scroll            |       |       |     4 |     7 |       ||    11
       Potion            |       |       |     1 |     2 |     1 ||     4
Armor: Ring mail         |    23 |    37 |    72 |     1 |       ||   133
       Animal skin       |     1 |       |       |       |       ||     1
       Plate armour      |       |       |       |   300 |     5 ||   305
Dodge: Dodged            |    32 |    94 |   169 |   268 |     2 ||   565
       Repelled          |       |     1 |       |     1 |     1 ||     3
Block: Buckler           |       |       |       |   141 |     1 ||   142

Table legend: (Time is in decaauts)
 A = Elapsed time spent in this place.
 B = Non-inter-level travel time spent in this place.
 C = Inter-level travel time spent in this place.
 D = Time resting spent in this place.
 E = Time spent auto-exploring this place.
 F = Levels seen in this place.
 G = Mean time per level.
                   A        B        C        D        E       F      G
               +--------+--------+--------+--------+--------+-----+--------+
         Total |  18809 |  18319 |    490 |    366 |  15689 |  14 | 1343.5 |
       Dungeon |  11200 |  10843 |    357 |      0 |   9521 |   9 | 1244.4 |
          Lair |   5925 |   5792 |    133 |    366 |   4754 |   4 | 1481.2 |
        Bailey |   1683 |   1683 |      0 |      0 |   1413 |   1 | 1683.0 |
               +--------+--------+--------+--------+--------+-----+--------+

Top non-repeatable levels by time:
  Lair:1: 2201 daAuts
     D:5: 2002 daAuts
     D:6: 1726 daAuts
  Lair:3: 1692 daAuts
     D:2: 1690 daAuts
  Bailey: 1683 daAuts
  Lair:2: 1593 daAuts
     D:8: 1496 daAuts
     D:1: 1204 daAuts
     D:7: 967 daAuts
     D:3: 959 daAuts
     D:4: 707 daAuts
     D:9: 444 daAuts
  Lair:4: 438 daAuts
